 Dungeon Crawl Stone Soup version 0.20.1-1-g8b1a95d (webtiles) character file.

289 Murloc the Conjurer (level 6, -1/42 HPs)
             Began as a Mummy Conjurer on Sept 21, 2017.
             Killed by miscasting Iskenderun's Mystic Blast (9 damage)
             ... on level 3 of the Dungeon.
             The game lasted 00:13:20 (5175 turns).

Murloc the Conjurer (Mummy Conjurer)                Turns: 5175, Time: 00:13:20

Health: -1/42      AC:  4    Str: 12    XL:     6   Next: 9%
Magic:  7/27       EV: 12    Int: 16    God:
Gold:   150        SH:  0    Dex: 12    Spells: 3/13 levels left

rFire    . . .     SeeInvis +   q - staff of power
rCold    + . .     Gourm    .   (no shield)
rNeg     + + +     Faith    .   h - +0 robe
rPois    ∞         Spirit   .   f - +0 helmet {SInv}
rElec    .         Reflect  .   i - +0 cloak
rCorr    .         Harm     .   (no gloves)
MR       .....                  (no boots)
Stlth    ++........             (no amulet)
Regen    0.2/turn               j - ring of protection from cold
MPRegen  0.2/turn               n - ring of fire

@: very slightly contaminated
A: no food or potions, fire vulnerability, cold resistance 1, negative energy
resistance 3, torment resistance, unbreathing
a: no special abilities


You were on level 3 of the Dungeon.
You were not hungry.

You visited 1 branch of the dungeon, and saw 3 of its levels.

You collected 150 gold pieces.

Inventory:

Hand Weapons
 c - a +2 whip of electrocution
Armour
 a - a +0 robe
 e - a scarf of cloud immunity
 f - a +0 helmet of see invisible (worn)
 h - a +0 robe (worn)
 i - a +0 cloak (worn)
 k - a +0 buckler
Magical Staves
 q - an uncursed staff of power (weapon)
Jewellery
 j - a ring of protection from cold (left hand)
 n - a ring of fire (right hand)
Scrolls
 d - a scroll of identify
 g - 2 scrolls of teleportation
 l - 2 scrolls of fear
 m - a scroll of noise {unknown}
Books
 b - a book of Conjurations

   Spells                             Type                      Level
   a - Magic Dart                     Conjuration                  1
   b - Searing Ray                    Conjuration                  2
   c - Dazzling Spray                 Conjuration/Hexes            3
   d - Fulminant Prism                Conjuration/Hexes            4
   e - Force Lance                    Conjuration/Translocation    4
   f - Iskenderun's Mystic Blast      Conjuration                  4


   Skills:
 + Level 0.8 Fighting
 - Level 1.4 Maces & Flails
 + Level 2.0 Dodging
 + Level 2.1 Stealth
 + Level 4.0 Spellcasting
 * Level 4.8 Conjurations
 + Level 0.3 Hexes


You had 3 spell levels left.
You knew the following spells:

 Your Spells              Type           Power        Failure   Level  Hunger
a - Magic Dart            Conj           ###.         2%          1    N/A
d - Dazzling Spray        Conj/Hex       ##....       17%         3    N/A
f - Iskenderun's Mystic   Conj           ###.....     22%         4    N/A
s - Searing Ray           Conj           ###...       3%          2    N/A

Dungeon Overview and Level Annotations

Branches:
Dungeon (3/15)

Altars:
Cheibriados
Nemelex Xobeh
Okawaru


Innate Abilities, Weirdness & Mutations

You do not eat or drink.
Your flesh is vulnerable to fire.
You are immune to poison.
Your flesh is cold resistant. (rC+)
You are immune to negative energy. (rN+++)
You are immune to unholy pain and torment.
You can survive without breathing.


Message History

Aiming: Iskenderun's Mystic Blast
Press: ? - help, Shift-Dir - straight line, f/p - orc priest
Aim: an orc priest, wielding a club and wearing a ring mail (almost dead)
The orb of energy hits the orc priest.
You kill the orc priest!
You have reached level 6!
Your experience leads to an increase in your attributes!
Increase (S)trength, (I)ntelligence, or (D)exterity?
You feel clever.
The orb of energy explodes!
You hear a shout!
Casting: Iskenderun's Mystic Blast
Confirm with . or Enter, or press ? or * to list all spells.
Aiming: Iskenderun's Mystic Blast
Press: ? - help, Shift-Dir - straight line, f - orc priest
Aim: an orc priest, wielding a whip You miscast Iskenderun's Mystic Blast.
You are very lightly contaminated with residual magic.
A wave of violent energy washes through your body!
You die...

....#.'........o))oo..,,,,,,,,*
..#.#.#........#######*********
..#.#.#.......o#
..#.#.#....[...#
..#.#.#........#
..#.#(#........#
......(.))..o########
#............)......#
#...............@...#
#..................[#
.......###..........# .......#
#..........# .......#
#..........#
.......###..........#
....................#
######......######### #......#


You could see an orc priest.

Vanquished Creatures
  2 orc priests (D:3)
  2 orc wizards (D:3)
  Robin (D:2)
  3 adders
  2 oozes
  2 worms
  2 leopard geckos
  14 orcs (D:3)
  7 bats
  3 giant cockroaches (D:2)
  12 hobgoblins
  13 jackals
  2 quokkas (D:3)
  2 ball pythons
  4 frilled lizards
  16 goblins
  12 kobolds
  6 rats
105 creatures vanquished.

Notes
Turn   | Place    | Note
-------+----------+-------------------------------------------
     0 | D:1      | Murloc the Mummy Conjurer began the quest for the Orb.
     0 | D:1      | Reached XP level 1. HP: 13/13 MP: 4/4
   534 | D:1      | Reached XP level 2. HP: 18/19 MP: 1/5
   891 | D:1      | Learned a level 2 spell: Searing Ray
  1633 | D:1      | Reached XP level 3. HP: 24/24 MP: 1/7
  1950 | D:2      | Learned a level 3 spell: Dazzling Spray
  2283 | D:2      | Found an iron altar of Okawaru.
  2285 | D:2      | Found a snail-covered altar of Cheibriados.
  2285 | D:2      | Found a sparkling altar of Nemelex Xobeh.
  2428 | D:2      | Noticed Robin
  2438 | D:2      | Killed Robin
  2523 | D:2      | Reached XP level 4. HP: 28/31 MP: 1/8
  3971 | D:2      | Reached skill level 1 in Maces & Flails
  4078 | D:3      | Reached XP level 5. HP: 36/36 MP: 6/10
  4173 | D:3      | Learned a level 4 spell: Iskenderun's Mystic Blast
  5174 | D:3      | Reached XP level 6. HP: 8/42 MP: 11/12
  5175 | D:3      | Killed by miscasting Iskenderun's Mystic Blast

Skill      XL: |  1  2  3  4  5 |
---------------+----------------+-----
Conjurations   | 4 |  4.8
Spellcasting   | 3 4 |  4.0
Stealth        | 2 |  2.1
Maces & Flails | 1 |  1.4
Dodging        | 2 |  2.0
Fighting       | |  0.8
Hexes          | |  0.3

Action                   |  1- 3 |  4- 6 || total
-------------------------+-------+-------++-------
Melee: Whip              |    43 |    56 ||    99
       Staff             |       |     1 ||     1
 Cast: Magic Dart        |    60 |   104 ||   164
       Searing Ray       |     4 |     1 ||     5
       Dazzling Spray    |     1 |     8 ||     9
       Iskenderun's Myst |       |     3 ||     3
  Use: Scroll            |       |     8 ||     8
 Stab: Invisible         |       |     2 ||     2
Armor: Robe              |    18 |    23 ||    41
Dodge: Dodged            |    34 |    48 ||    82
